 Dungeon Crawl Stone Soup version 0.31-a0-836-g3ceb0a68c4 (webtiles) character file.

Game seed: 14977691022382488091

3713157 demibob the Conqueror (level 27, 218/218 HPs)
             Began as a Gargoyle Chaos Knight on Sept 26, 2023.
             Was an Initiate of Gozag.
             Escaped with the Orb
             ... and 5 runes!
             The game lasted 02:12:42 (56250 turns).

demibob the Conqueror (Gargoyle Chaos Knight)      Turns: 56250, Time: 02:12:43

Health: 218/218    AC: 61    Str: 25    XL:     27
Magic:  23/23      EV: 20    Int: 19    God:    Gozag
Gold:   3076       SH: 18    Dex: 19    Spells: 26/26 levels left

rFire   + + +        a - +8 demon whip (elec)
rCold   + + +        v - +2 shield of Resistance {rF++ rC++ Will++}
rNeg    + . .        G - +10 plate armour {rF+}
rPois   ∞            e - +0 mask of the Dragon {Will+ Slay+3 SInv}
rElec   +            L - scarf of Gozag's Generosity {rC+ rF+, Will+ Slay+3}
rCorr   +            X - +2 pair of gloves {Str+3}
SInv    +            T - +2 pair of boots {Stlth+}
Will    +++++        F - amulet "Ilomicw" {Regen+ Slay+3 Stlth+} Stlth
                     y - +4 ring of slaying
HPRegen 2.16/turn    Y - +4 ring of slaying
MPRegen 0.18/turn

%: resist mutation
@: mighty, resistant, enlightened, flying, hasted, invisible, bribing [the
Dungeon, the Vaults], very quick
A: sickness immunity, AC +20, big wings, negative energy resistance 1,
electricity resistance, torment resistance 1, petrification resistance, horns 1,
agile 2, clever 2, strong-willed 1, mutation resistance 3, regeneration 1,
robust 1
0: Orb of Zot
}: 5/15 runes: decaying, serpentine, slimy, silver, abyssal
a: Renounce Religion, Potion Petition, Call Merchant, Bribe Branch


You escaped.
You worshipped Gozag.
Gozag was most pleased with you.
You visited 11 branches of the dungeon, and saw 53 of its levels.
You visited the Abyss 1 time.
You also visited: Trove, Bailey and Ice Cave.

You collected 33448 gold pieces.
You spent 6943 gold pieces at shops.
You paid 23429 gold pieces to Gozag.


Innate Abilities, Weirdness & Mutations

You are immune to sickness and miasma.
Your stone body is resilient. (AC +20)
You are immune to poison.
Your large and strong wings let you fly.
You resist negative energy. (rN+)
You are resistant to electric shocks. (rElec)
You are resistant to unholy torment.
You are immune to petrification.
You have a pair of small horns on your head.
You are very agile. (Dex +8, Str/Int -2)
Your mind is very acute. (Int +8, Str/Dex -2)
You are strong-willed. (Will+)
You are almost entirely resistant to further mutation and mutation removal.
Your natural rate of healing is unusually fast.
You are robust. (+10% HP)


   Skills:
 O Level 27 Fighting
 - Level 16.5 Maces & Flails
 O Level 27 Armour
 + Level 21.8 Dodging
 - Level 20.0 Shields


You had 26 spell levels left.
You didn't know any spells.
Your spell library contained the following spells:

 Spells                   Type           Power      Damage    Failure   Level
 Apportation              Tloc           0%         N/A       63%         1
 Freeze                   Ice            0%         1d3       63%         1
 Kiss of Death            Conj/Necr      0%         2d5       63%         1
 Magic Dart               Conj           0%         1d3       63%         1
 Necrotise                Necr           0%         1d4       63%         1
 Sandblast                Erth           0%         2d4       63%         1
 Slow                     Hex            0%         N/A       63%         1
 Summon Small Mammal      Summ           0%         N/A       63%         1
 Blink                    Tloc           0%         N/A       77%         2
 Call Imp                 Summ           0%         N/A       77%         2
 Jinxbite                 Hex            0%         N/A       77%         2
 Lesser Beckoning         Tloc           0%         N/A       77%         2
 Momentum Strike          Conj/Tloc      0%         3d8       77%         2
 Passwall                 Tmut/Erth      0%         N/A       77%         2
 Poisonous Vapours        Pois/Air       0%         N/A       77%         2
 Searing Ray              Conj           0%         2d4       77%         2
 Static Discharge         Conj/Air       0%         2-2/arc   77%         2
 Wereblood                Tmut           0%         N/A       77%         2
 Dazzling Flash           Conj/Hex       0%         N/A       94%         3
 Frozen Ramparts          Ice            0%         1d1       94%         3
 Gell's Gravitas          Tloc           0%         N/A       94%         3
 Hailstorm                Conj/Ice       0%         3d3       94%         3
 Ignite Poison            Fire/Tmut/Pois 0%         N/A       94%         3
 Inner Flame              Hex/Fire       0%         N/A       94%         3
 Mephitic Cloud           Conj/Pois/Air  0%         N/A       94%         3
 Stone Arrow              Conj/Erth      0%         3d7       94%         3
 Teleport Other           Tloc           0%         N/A       94%         3
 Tukima's Dance           Hex            0%         N/A       94%         3
 Volatile Blastmotes      Fire/Tloc      0%         2d10      94%         3
 Airstrike                Air            0%         2d(0-16)  100%        4
 Anguish                  Hex/Necr       0%         N/A       100%        4
 Brom's Barrelling Bould  Conj/Erth      0%         2d3       100%        4
 Cause Fear               Hex            0%         N/A       100%        4
 Dispel Undead            Necr           0%         3d6       100%        4
 Flame Wave               Conj/Fire      0%         2d4       100%        4
 Fulminant Prism          Conj/Hex       0%         3d5       100%        4
 Iskenderun's Mystic Bla  Conj/Tloc      0%         2d3       100%        4
 Olgreb's Toxic Radiance  Pois           0%         N/A       100%        4
 Passage of Golubria      Tloc           0%         N/A       100%        4
 Sticky Flame             Conj/Fire      0%         2d3       100%        4
 Summon Lightning Spire   Summ/Air       0%         N/A       100%        4
 Vhi's Electric Charge    Tloc/Air       0%         N/A       100%        4
 Agony                    Necr           0%         N/A       100%        5
 Alistair's Intoxication  Tmut/Pois      0%         N/A       100%        5
 Arcjolt                  Conj/Air       0%         1d10      100%        5
 Borgnjor's Vile Clutch   Necr/Erth      0%         N/A       100%        5
 Fireball                 Conj/Fire      0%         3d3       100%        5
 Freezing Cloud           Conj/Ice/Air   0%         6-21      100%        5
 Silence                  Hex/Air        0%         N/A       100%        5
 Summon Forest            Summ/Tloc      0%         N/A       100%        5
 Summon Mana Viper        Hex/Summ       0%         N/A       100%        5
 Yara's Violent Unravell  Hex/Tmut       0%         3d3       100%        5
 Bombard                  Conj/Erth      0%         9d1       100%        6
 Conjure Ball Lightning   Conj/Air       0%         3x3d6     100%        6
 Death Channel            Necr           0%         N/A       100%        6
 Eringya's Noxious Bog    Tmut/Pois      0%         4d6       100%        6
 Plasma Beam              Fire/Air       0%         2x1d10    100%        6
 Starburst                Conj/Fire      0%         6d3       100%        6
 Summon Cactus Giant      Summ           0%         N/A       100%        6
 Enfeeble                 Hex            0%         N/A       100%        7
 Malign Gateway           Summ/Tloc      0%         N/A       100%        7
 Summon Hydra             Summ           0%         N/A       100%        7
 Borgnjor's Revivificati  Necr           0%         N/A       100%        8
 Ignition                 Fire           0%         3d3       100%        8
 Lehudib's Crystal Spear  Conj/Erth      0%         10d2      100%        8
 Maxwell's Capacitive Co  Air            0%         ∞         100%        8
 Summon Horrible Things   Summ           0%         N/A       100%        8
 Death's Door             Necr           0%         N/A       100%        9
 Dragon's Call            Summ           0%         N/A       100%        9
 Cigotuvi's Dreadful Rot  Necr/Pois/Air  Unusable   N/A       N/A         2
 Sublimation of Blood     Necr           Unusable   N/A       N/A         2

Inventory:

Hand Weapons
 a - a +8 demon whip of electrocution (weapon)
 S - a +9 demon whip of flaming
Armour
 e - the +0 mask of the Dragon (worn) {Will+ Slay+3 SInv}
   (You bought it in a shop on level 2 of the Lair of Beasts)

   Slay+3:    It affects your accuracy & damage with ranged weapons and melee
   (+3).
   Will+:     It increases your willpower.
   SInv:      It lets you see invisible.
 v - the +2 shield of Resistance (worn) {rF++ rC++ Will++}
   (You found it on level 3 of the Elven Halls)

   rF++:      It greatly protects you from fire.
   rC++:      It greatly protects you from cold.
   Will++:    It greatly increases your willpower.
 G - a +10 plate armour of fire resistance (worn)
 L - the scarf of Gozag's Generosity (worn) {rC+ rF+, Will+ Slay+3}
   (You bought it in a shop on level 6 of the Dungeon)

   Slay+3:    It affects your accuracy & damage with ranged weapons and melee
   (+3).
   Will+:     It increases your willpower.
 T - a +2 pair of boots of stealth (worn)
 X - a +2 pair of gloves of strength (worn)
Jewellery
 c - the amulet of Hiofosel {Reflect rElec rCorr SH+5 SInv}
   (You found it in a treasure trove)

   [amulet of reflection]

   Reflect:   It reflects blocked missile attacks.
   rElec:     It insulates you from electricity.
   SInv:      It lets you see invisible.
   rCorr:     It protects you from acid and corrosion.
   SH+5:      It affects your SH (+5).
 j - the ring of Day {rCorr MP+9}
   (You took it off a deep elf death mage on level 3 of the Elven Halls)

   [ring of magical power]

   MP+9:      It affects your magic capacity (+9).
   rCorr:     It protects you from acid and corrosion.
 w - the ring of the Hare {EV+10}
   (You acquired it in a bailey)

   [ring of evasion]

   EV+10:     It affects your evasion (+10).
 y - a +4 ring of slaying (left hand)
 A - the amulet of the Four Winds {rN+ Will+++ Clar}
   (You took it off a red draconian on level 4 of the Realm of Zot)

   [amulet of nothing]

   rN+:       It protects you from negative energy.
   Will+++:   It greatly increases your willpower.
   Clar:      It protects you from confusion, rage, mesmerisation and fear.
 B - the ring of the Bull {rF+++ Will+++ Str-3 Int+6 Stlth-}
   (You found it on level 5 of the Pits of Slime)

   [ring of intelligence]

   Str-3:     It affects your strength (-3).
   Int+6:     It affects your intelligence (+6).
   rF+++:     It renders you almost immune to fire.
   Will+++:   It greatly increases your willpower.
   Stlth-:    It makes you less stealthy.
 E - the amulet "Zetic" {Drain rElec rPois rC+++ Regen+}
   (You found it on level 2 of the Depths)

   [amulet of regeneration]

   rC+++:     It renders you almost immune to cold.
   rElec:     It insulates you from electricity.
   rPois:     It protects you from poison Regen+: It increases your rate of
   health regeneration.
   Drain:     It drains your maximum health when unequipped.
 F - the amulet "Ilomicw" (around neck) {Regen+ Slay+3 Stlth+}
   (You found it on level 5 of the Vaults)

   [amulet of regeneration]

   Slay+3:    It affects your accuracy & damage with ranged weapons and melee
   (+3).
   Regen+:    It increases your rate of health regeneration.
   Stlth+:    It makes you more stealthy.
 Y - a +4 ring of slaying (right hand)
Wands
 i - a wand of flame (114)
 m - a wand of roots (89)
 p - a wand of light (22)
 N - a wand of mindburst (34)
 P - a wand of charming (24)
 U - a wand of digging (13)
 Z - a wand of polymorph (42)
Scrolls
 b - 5 scrolls of enchant armour
 h - 3 scrolls of torment
 l - 4 scrolls of revelation
 n - a scroll of summoning
 q - 3 scrolls of silence {!r}
 s - 36 scrolls of identify {@r1}
 u - 7 scrolls of poison
 x - 18 scrolls of teleportation {@r2}
 z - 5 scrolls of immolation
 I - 10 scrolls of fear
 O - 4 scrolls of fog
 R - 3 scrolls of blinking
Potions
 d - 29 potions of curing {@q1}
 f - 6 potions of lignification
 g - 3 potions of resistance
 k - 6 potions of enlightenment
 o - 13 potions of heal wounds {@q2}
 t - 4 potions of invisibility
 C - 3 potions of berserk rage {!q}
 D - 2 potions of might
 J - a potion of haste {@q3}
 K - 5 potions of magic
 M - a potion of cancellation
 Q - 7 potions of mutation
 V - 4 potions of ambrosia
Miscellaneous
 r - a phial of floods
 H - a condenser vane
 W - a lightning rod (4/4)

Dungeon Overview and Level Annotations

Branches:
Dungeon (15/15)            Temple (1/1) D:7            Lair (5/5) D:9
  Swamp (4/4) Lair:3        Snake (4/4) Lair:2        Slime (5/5) Lair:5
    Orc (2/2) D:10            Elf (3/3) Orc:2        Vaults (5/5) D:13
  Crypt (0/3) Vaults:2     Depths (4/4) D:15            Zot (5/5) Depths:4
 Bailey (visited)           IceCv (visited)

Altars:
Ashenzari
Cheibriados
Dithmenos
Elyvilon
Fedhas
Gozag
Hepliaklqana
Kikubaaqudgha
Makhleb
Nemelex Xobeh
Okawaru
Qazlal
Ru
Sif Muna
Trog
Uskayaw
Vehumet
Wu Jian
Xom
Yredelemnul
Zin
The Shining One
Jiyva

Shops:
D:6 [*?   D:9 *   D:10 [(   D:14 ?   Orc:1 (   Orc:2 !:?(   Elf:1 !**(
Lair:1 ?   Lair:2 *   Lair:4 (   Vaults:2 *   Vaults:3 [*   Vaults:4 :
Depths:3 *

Portals:
Hell: Depths:1 Depths:2 Depths:3 Depths:4
Abyss: Depths:2 Depths:3
Pandemonium: Orc:2 Depths:1 Depths:2 Depths:3 Depths:4
Ziggurat: Depths:4

Annotations:
D:9 2 transporters
Lair:2 2 transporters, exclusion: downstairs, particleface's ghost, journeyman NaHs
Elf:2 3 runed translucent doors
Elf:3 1 runed translucent door, riellis1's ghost, adept MiFi
Vaults:1 2 transporters, adelrune's ghost, adept SpHu

...........####..#######.#.#.....
...........# ##.# #.........#
...........#####.############.###
...#...............§......§...#
...#.≈≈≈§≈.≈§≈≈≈.≈≈≈≈≈.≈≈≈§≈..#
..##..≈§§...≈≈≈...§≈≈.§.≈§§...#
..##...≈...§§≈....§≈.§..§≈....#
..##....§≈§≈§.....§§§§§≈≈.....#
..##....§≈≈≈..§.@....§§≈......#
..###...§.≈.§.§.......§§.§..#####
.....#..§..≈§≈§≈.≈≈≈≈≈...§.#.....
.....##.....≈§§...≈≈≈§....##.####
.....###...§.≈.....≈......(...#..
.....# ##.....≈≈≈§≈.....#.##..#.#
.....# ##.....§≈≈.....##.##..#.#
.....# ##.....≈.....###.###.#..
.....# ##.........#....#######


There were no monsters in sight!


Message History

No target in view!
What level of the Dungeon? (default 1, ? - help)
You fly upwards.
There is a stone staircase leading down here.
A hell beast comes into view.
The hell beast's many legs skitter faintly.
You punish the hell beast, causing immense pain!!!
The hell beast is heavily wounded.
The hell beast misses you. The hell beast completely misses you.
You thrash the hell beast!! Your headbutt misses the hell beast.
The hell beast is severely wounded.
You thrash the hell beast!!
The hell beast is almost dead.
You block the hell beast's attack.
The hell beast tramples you but does no damage.
You thrash the hell beast!!
You kill the hell beast!
There is a staircase leading out of the dungeon here.
Enter note: this run was busted You're wearing all the rings you can.
Remove which one? (? for menu, Esc to cancel) < or
w - the ring of the Hare {EV+10}; > or
Y - a +4 ring of slaying You remove the ring of the Hare {EV+10}.
y - a +4 ring of slaying (left hand)
You feel very mighty all of a sudden.
You feel yourself speed up.
You feel more buoyant.
You fade into invisibility!
You feel protected.
You have escaped!

Skill      XL: |  1  2  3  4  5  6  7  8  9 10 11 12 13 14 15 16 17 18 19 20 21 22 23 24 25 26 27 |
---------------+----------------------------------------------------------------------------------+-----
Maces & Flails | 4 6 7 9 11 13 16 | 16.5
Armour         | 7 10 13 15 17 19 20 21 22 23 24 25 26 27 | 27.0
Fighting       | 7 11 13 16 17 19 20 21 22 23 24 25 26 27 | 27.0
Shields        | 6 9 12 14 15 16 17 19 20 | 20.0
Dodging        | 3 7 12 14 15 21 | 21.8

Action                     |  1- 3 |  4- 6 |  7- 9 | 10-12 | 13-15 | 16-18 | 19-21 | 22-24 | 25-27 || total
---------------------------+-------+-------+-------+-------+-------+-------+-------+-------+-------++-------
  Melee: Mace              |    89 |    71 |    23 |       |       |       |       |       |       ||   183
         War axe           |       |       |   122 |   101 |       |       |       |       |       ||   223
         Headbutt          |       |       |    21 |   168 |   355 |   422 |   605 |   638 |   548 ||  2757
         Punch             |       |       |     1 |    10 |    16 |     3 |       |       |       ||    30
         Demon whip        |       |       |       |   514 |   717 |   997 |  1727 |  1738 |  1465 ||  7158
         Morningstar       |       |       |       |       |   638 |   428 |       |       |       ||  1066
 Invoke: Call Merchant     |       |       |       |       |     3 |     3 |     2 |       |       ||     8
         Bribe Branch      |       |       |       |       |       |       |       |     1 |     4 ||     5
  Evoke: Wand              |       |       |       |    17 |    21 |     7 |       |       |     1 ||    46
         Phial of floods   |       |       |       |       |     1 |       |       |       |       ||     1
         Lightning rod     |       |       |       |       |       |       |     5 |       |       ||     5
    Use: Scroll            |     4 |     1 |     6 |    13 |    17 |    16 |     4 |    13 |    15 ||    89
         Potion            |       |       |     2 |     3 |     2 |     5 |     3 |     2 |    13 ||    30
   Stab: Petrified         |     1 |       |       |       |       |       |       |       |       ||     1
         Distracted        |       |     1 |       |       |     6 |     9 |    11 |    10 |    11 ||    48
         Paralysed         |       |     3 |       |       |       |       |       |     1 |     1 ||     5
         Sleeping          |       |       |     2 |     3 |       |       |       |       |       ||     5
         Confused          |       |       |     1 |       |       |       |       |       |       ||     1
         Petrifying        |       |       |       |       |       |       |       |       |     1 ||     1
 Armour: Leather armour    |    44 |    50 |   120 |   365 |       |       |       |       |       ||   579
         Plate armour      |       |       |       |   117 |   904 |   873 |   916 |   665 |   570 ||  4045
  Dodge: Dodged            |    67 |    40 |   118 |   257 |   701 |   780 |   714 |   627 |   690 ||  3994
  Block: Kite shield       |       |       |       |       |       |   537 |   819 |   840 |   724 ||  2920
         Reflection        |       |       |       |       |       |    32 |    40 |    27 |       ||    99

Levels and vault maps discovered:
D:1:      onia_arrival_pyramid, layout_basic
D:2:      layout_loops_ring, nicolae_figureground_sparkle
D:3:      layout_rooms, dk_noncrumbling_4, grunt_ministairs_7, uniq_jessica,
          uniq_sigmund, uniq_crazy_yiuf_cottage
D:4:      layout_cave_pools
D:5:      layout_loops_cross, nicolae_overflow_macrodata_refinement,
          minmay_diced_spiral, uniq_blork_the_orc, uniq_menkaure
D:6:      layout_basic, nicolae_shop_distant_corner_stores, bh_walls_and_bars,
          uniq_pikel
D:7:      layout_gridville, minmay_temple_entry_stoned_glass,
          chequers_serial_rivers_micro_a, uniq_jeremiah, uniq_joseph
D:8:      layout_cave_pools, uniq_amaemon, uniq_maurice, uniq_erica
D:9:      gammafunk_boulding_lane, layout_basic, good_gods_mini_temple,
          nicolae_dithmenos_shadow_blocks, david_lair_shrubbed, disabler_island
D:10:     layout_roguey, fedhas_altar_4, orc_0_dummy, enter_bailey_3
D:11:     layout_loops_cross, grunt_tough_drop
D:12:     layout_basic, uniq_urug
D:13:     layout_loops_ring, ximxim_vaults_locker_room,
          portal_ice_cave_entry_animals_and_master, nicolae_trove_entry_crystal,
          einodemon_crawler_minivault
D:14:     layout_rooms
D:15:     hangedman_depths_entry_try_elsewhere_first, layout_irregular_city,
          amcnicky_mini_rare_corridor_liquid, minmay_checkerbox
Temple:   cyrus_circular_temple
Lair:1:   layout_regular_city, st_stairs_3, fungi_pond_lemuel,
          nicolae_lair_grazing_beasts [nicolae_sub_lair_graze_edge,
          nicolae_sub_lair_graze_edge, nicolae_sub_lair_graze_edge,
          nicolae_sub_lair_graze_edge]
Lair:2:   layout_cave_pods, guppyfry_snake_entry_island,
          gammafunk_ghost_wrathful_warriors
Lair:3:   layout_chaotic_city, swamp_mist, beast_lair_carwin_8,
          lemuel_fruit_tree, infiniplex_staircase_pool
Lair:4:   layout_roguey, roderic_carrion_pond, serial_bayou_shore_b
Lair:5:   cheibrodos_lair_end_hotspot, layout_regular_city, slime_entry_1
Swamp:1:  layout_basic_swamp, gammafunk_ghost_grave, evilmike_swamp_ruin_house_4
Swamp:2:  layout_basic_swamp, serial_swamp_ruin, hangedman_swamp_ruin_wall,
          evilmike_swamp_ruin_house_6
Swamp:3:  layout_falls_marsh, nicolae_swamp_oxbows, swamp_pool5, uniq_kirke
Swamp:4:  swamp_alternative, layout_basic_swamp, swamp_pool2
Snake:1:  kennysheep_six_static_rooms, layout_misc_corridors, basic_altar,
          uniq_aizul
Snake:2:  layout_rooms, uniq_asterion
Snake:3:  layout_onion, st_stairs_13, serial_bayou_pond_d, uniq_azrael
Snake:4:  snake_pit_salamanders_mu, layout_onion_interference,
          serial_bayou_ford_a, grunt_ministairs_2, serial_bayou_shore_a,
          uniq_vashnia
Slime:1:  layout_caves, nicolae_slime_getting_an_eyeful
Slime:2:  layout_caves, special_room [special_room_jelly]
Slime:3:  layout_caves, uniq_dissolution
Slime:4:  layout_caves
Slime:5:  slime_pit_nicolae_trefoil
Orc:1:    layout_diamond_mine, serial_shops, shop
Orc:2:    pf_orc_diabolical, layout_caves
Elf:1:    eino_elf_arrival_the_gate, layout_geoelf_diagonals, serial_shops,
          nicolae_shop_gibbet_a_chance, nicolae_shop_trees,
          nicolae_diamond_shop, shop, minmay_elf_crystal_hexagon
Elf:2:    nicolae_elf_blades_splatter_lattice [mumra_blade_entry_dagger],
          layout_geoelf_diagonals, lemuel_upstairs_altar
Elf:3:    minmay_elf_hall_quartered_circle, layout_geoelf_castle,
          ebering_ghost_xom, nicolae_elf_big_sculpture_2
Vaults:1: gammafunk_ghost_mausoleum, v_alt_pattern_1, nicolae_vaults_heist,
          st_spiral_rooms, nicolae_vaults_sightless_eye,
          hangedman_vaults_corner, v_alt_pattern_2, nicolae_vaults_tangram_2,
          vaults_dpeg_cross, nicolae_vaults_octothorpe, vaults_dpeg_ring,
          vaults_room_semicircle, nicolae_vaults_surprise_closet,
          layout_vaults_omnicross, uniq_norris
Vaults:2: minmay_crypt_entry_simple_corners, nicolae_vaults_an_arrangement,
          nicolae_vaults_spaceships, nicolae_vaults_stepped_doors,
          nicolae_vaults_octothorpe, v_alt_pattern_4,
          nicolae_vaults_windows_and_doors_thing, v_misc_1,
          hangedman_vaults_nails, v_rooms_6, grunt_vaults_bifocal,
          nicolae_vaults_tetromino_L_2, layout_vaults_maze_bifur, uniq_jory
Vaults:3: ebering_ghost_gozag, ontoclasm_vaults_tryst,
          nicolae_vaults_bisected_slash, nicolae_vaults_little_squares_3,
          layout_vaults_chaotic_city, serial_shops,
          nicolae_shop_tiny_real_fake_doors
Vaults:4: nicolae_vaults_little_squares_2, nicolae_vaults_more_shelving_1,
          hangedman_vaults_snaps, hangedman_vaults_stream,
          hangedman_vaults_nails, dpeg_vaults_pockets_of_resistance,
          vaults_mumra_hex, nicolae_vaults_tangram_2, hangedman_vaults_cutoff,
          nicolae_vaults_little_ls, layout_vaults_omnibox, serial_shops, shop,
          uniq_frederick
Vaults:5: serial_shops
Depths:1: layout_honeycomb, grunt_hell_entry_dis_grunt,
          minmay_misc_feat_enclosed, pan_entry, chequers_serial_rivers_micro_c,
          onia_ninara_cookie
Depths:2: kennysheep_bubbly, layout_cave_shapes, abyss_entry,
          grunt_hell_entry_demonic_statue, pan_entry, minmay_misc_feat_iff,
          infiniplex_staircase_diamond, uniq_vv
Depths:3: evilmike_inaccessible_box, layout_cave_pools, minmay_room_of_horrors,
          serial_shops, nicolae_shop_peninsula, nicolae_figureground_pulse,
          hell_entry, pan_entry
Depths:4: hangedman_slaughterboxes, pan_entry, serial_shops, hell_entry
Zot:1:    layout_basic, st_stairs_6, lemuel_lake_of_fire
Zot:2:    layout_onion_interference, st_stairs_2, grunt_ministairs_7
Zot:3:    layout_gridlike
Zot:4:    layout_gridlike
Zot:5:    layout_basic

Notes
Turn   | Place    | Note
-------+----------+-------------------------------------------
     0 | D:1      | demibob the Gargoyle Chaos Knight began the quest for the
                  | Orb.
     0 | D:1      | Reached XP level 1. HP: 14/14 MP: 1/1
   214 | D:1      | XOM: silly message
   517 | D:1      | Identified a potion of resistance
   653 | D:2      | Reached XP level 2. HP: 19/19 MP: 2/2
   858 | D:2      | XOM: 1-stop teleportation journey
   975 | D:2      | Identified the +7 dagger of the Winnowing Spider {heavy,
                  | rC+++ Str+3 Int-5}
  1372 | D:3      | Reached skill level 4 in Maces & Flails
  1460 | D:3      | Reached XP level 3. HP: 23/23 MP: 3/3
  1568 | D:3      | XOM: cloud trail
  1578 | D:3      | Noticed Jessica
  1594 | D:3      | Killed Jessica
  1595 | D:3      | Reached XP level 4. HP: 28/28 MP: 4/4
  1633 | D:3      | Noticed Sigmund
  1645 | D:3      | XOM: summons 4 friendly demons
  1655 | D:3      | Killed Sigmund
  1656 | D:3      | Reached skill level 6 in Maces & Flails
  1656 | D:3      | Reached XP level 5. HP: 23/32 MP: 5/5
  1773 | D:3      | Reached XP level 6. HP: 36/37 MP: 4/6
  1872 | D:3      | Found a runed translucent door.
  1873 | D:3      | Noticed Crazy Yiuf
  1884 | D:3      | Killed Crazy Yiuf
  1935 | D:3      | XOM: cloud trail
  2046 | D:4      | XOM: confusion (+ monsters)
  2050 | D:4      | XOM: scenery: summon butterflies
  2055 | D:4      | XOM: enchant monster (good)
  2059 | D:4      | Reached skill level 7 in Maces & Flails
  2150 | D:4      | XOM: give mutations
  2150 | D:4      | Gained mutation: You are somewhat resistant to further
                  | mutation. [Xom's grace]
  2150 | D:4      | Gained mutation: Your mind is acute. (Int +4, Str/Dex -1)
                  | [Xom's grace]
  2213 | D:4      | XOM: cast spell 'Summon Cactus Giant'
  2215 | D:4      | XOM: 5-stop teleportation journey
  2348 | D:4      | Reached XP level 7. HP: 36/41 MP: 7/7
  2385 | D:4      | Identified a scarf of resistance
  2457 | D:4      | XOM: give mutations
  2457 | D:4      | Gained mutation: Your movements are slightly less
                  | encumbered by armour. (ER -2) [Xom's grace]
  2457 | D:4      | Gained mutation: You are agile. (Dex +4, Str/Int -1) [Xom's
                  | grace]
  2457 | D:4      | Gained mutation: You have a pair of small horns on your
                  | head. [Xom's grace]
  2457 | D:4      | Gained mutation: You are very agile. (Dex +8, Str/Int -2)
                  | [Xom's grace]
  2552 | D:5      | Entered Level 5 of the Dungeon
  2560 | D:5      | Reached skill level 8 in Maces & Flails
  2601 | D:5      | Noticed Menkaure
  2611 | D:5      | XOM: noise
  2617 | D:5      | XOM: silly message
  2618 | D:5      | XOM: god gift: 19 gold pieces
  2622 | D:5      | Killed Menkaure
  2639 | D:5      | Noticed Blork the orc
  2640 | D:5      | XOM: summons friendly iron imp
  2647 | D:5      | Killed Blork the orc
  2687 | D:5      | Identified the +6 war axe of the Healing Messenger {drain,
                  | rC+}
  2711 | D:5      | Reached skill level 9 in Maces & Flails
  2732 | D:5      | Found a shimmering altar of Xom.
  2737 | D:5      | Found an ancient bone altar of Kikubaaqudgha.
  2738 | D:5      | Found a sacrificial altar of Ru.
  2742 | D:5      | Found a basalt altar of Yredelemnul.
  2785 | D:5      | Reached XP level 8. HP: 43/46 MP: 6/8
  2882 | D:5      | XOM: 3-stop teleportation journey
  2964 | D:5      | Reached skill level 10 in Maces & Flails
  3256 | D:5      | Identified a scroll of acquirement
  3256 | D:5      | Acquired 592 gold pieces
  3324 | D:6      | Noticed Pikel
  3325 | D:6      | XOM: confuse monster(s)
  3329 | D:6      | XOM: confusion (+ monsters)
  3333 | D:6      | Killed Pikel
  3334 | D:6      | Reached skill level 11 in Maces & Flails
  3387 | D:6      | Found Fyablad's General Store.
  3388 | D:6      | Found Omeb's Armour Boutique.
  3389 | D:6      | Found Zagrewnall's Magic Scroll Boutique.
  3399 | D:6      | an acid dragon changed into a wyvern
  3399 | D:6      | Noticed a wyvern
  3399 | D:6      | XOM: polymorph acid dragon -> wyvern
  3408 | D:6      | Killed a wyvern
  3409 | D:6      | Reached XP level 9. HP: 32/51 MP: 7/9
  3483 | D:6      | Bought a scroll of revelation for 97 gold pieces
  3483 | D:6      | Bought a potion of berserk rage for 65 gold pieces
  3620 | D:6      | Bought a scroll of enchant armour for 82 gold pieces
  3620 | D:6      | Bought a scroll of enchant armour for 82 gold pieces
  3620 | D:6      | Bought a scroll of teleportation for 33 gold pieces
  3620 | D:6      | Bought a scroll of fog for 44 gold pieces
  3620 | D:6      | Bought a scroll of immolation for 44 gold pieces
  3620 | D:6      | Bought a scroll of revelation for 82 gold pieces
  3806 | D:6      | Reached skill level 12 in Maces & Flails
  4216 | D:7      | Reached skill level 13 in Maces & Flails
  4233 | D:7      | Noticed Joseph
  4261 | D:7      | Killed Joseph
  4552 | D:7      | Noticed Jeremiah
  4567 | D:7      | Killed Jeremiah
  4628 | D:7      | Found a staircase to the Ecumenical Temple.
  4741 | Temple   | Entered the Ecumenical Temple
  4754 | Temple   | Fell from the grace of Xom
  4754 | Temple   | Became a worshipper of Gozag Ym Sagoz the Greedy
  4835 | D:8      | Reached XP level 10. HP: 48/56 MP: 8/10
  4849 | D:8      | Noticed Maurice
  4852 | D:8      | Reached skill level 14 in Maces & Flails
  4860 | D:8      | Something stole 410 gold
  4861 | D:8      | Something stole a ring of positive energy
  4863 | D:8      | Killed Maurice
  5055 | D:8      | Noticed Amaemon
  5107 | D:8      | XOM: summons 2 hostile shadow creatures
  5171 | D:8      | Noticed an orange demon
  5186 | D:8      | Killed an orange demon
  5241 | D:8      | Noticed a two-headed ogre
  5262 | D:8      | XOM: give mutations
  5262 | D:8      | Gained mutation: Your mind is very acute. (Int +8, Str/Dex
                  | -2) [Xom's mischief]
  5262 | D:8      | Gained mutation: You are strong-willed. (Will+) [Xom's
                  | mischief]
  5288 | D:8      | Killed a two-headed ogre
  5289 | D:8      | Reached skill level 15 in Maces & Flails
  5458 | D:8      | XOM: summons 1 hostile demon
  5591 | D:8      | Noticed a two-headed ogre
  5604 | D:8      | Killed a two-headed ogre
  5604 | D:8      | Noticed Erica
  5614 | D:8      | Killed Erica
  5620 | D:8      | Reached skill level 16 in Maces & Flails
  5747 | D:8      | XOM: draining
  5846 | D:8      | Killed Amaemon
  5847 | D:8      | Reached XP level 11. HP: 18/60 MP: 2/11
  5868 | D:8      | XOM: summons 14 hostile demons
  6293 | D:9      | Found a shadowy altar of Dithmenos.
  6301 | D:9      | Reached skill level 3 in Armour
  6309 | D:9      | Reached skill level 4 in Fighting
  6690 | D:9      | XOM: scenery: summon butterflies
  6895 | D:9      | Found a transporter.
  6895 | D:9      | Found a transporter.
  6896 | D:9      | Noticed a boulder beetle
  6960 | D:7      | XOM: summons 14 hostile demons
  7074 | D:6      | Bought the scarf of Gozag's Generosity {rC+ rF+, Will+
                  | Slay+3} for 772 gold pieces
  7308 | D:9      | Found a staircase to the Lair.
  7325 | D:9      | Reached skill level 4 in Armour
  7382 | D:9      | Found a white marble altar of Elyvilon.
  7382 | D:9      | Found a glowing silver altar of Zin.
  7382 | D:9      | Found a glowing golden altar of the Shining One.
  7519 | Lair:1   | Entered Level 1 of the Lair of Beasts
  7526 | Lair:1   | Reached skill level 5 in Fighting
  7677 | Lair:1   | Reached skill level 5 in Armour
  7892 | Lair:1   | Reached skill level 6 in Fighting
  7918 | Lair:1   | Reached skill level 6 in Armour
  7989 | Lair:1   | Reached skill level 7 in Fighting
  8161 | Lair:1   | Reached skill level 7 in Armour
  8204 | Lair:1   | Reached XP level 12. HP: 54/73 MP: 10/12
  8210 | Lair:1   | Reached skill level 8 in Fighting
  8336 | Lair:1   | XOM: summons 3 hostile shadow creatures
  8394 | Lair:1   | XOM: summons 12 hostile demons
  8728 | Lair:1   | Reached skill level 8 in Armour
  9113 | Lair:1   | Reached skill level 9 in Fighting
  9258 | Lair:1   | Reached skill level 9 in Armour
  9668 | D:6      | Bought a +2 plate armour of fire resistance for 560 gold
                  | pieces
  9868 | Lair:2   | Found a staircase to the Snake Pit.
 10279 | Lair:2   | Reached skill level 10 in Fighting
 10343 | Lair:2   | Noticed a five-headed hydra
 10349 | Lair:2   | Killed a five-headed hydra
 10514 | Lair:2   | Noticed particleface's ghost (journeyman NaHs)
 10536 | Lair:2   | Identified a scarf of resistance
 10541 | Lair:2   | You fall into a shaft and drop 1 floor!
 10550 | Lair:3   | Noticed an eight-headed hydra
 10563 | Lair:3   | Killed an eight-headed hydra
 10564 | Lair:3   | Reached skill level 10 in Armour
 10586 | Lair:3   | Noticed a seven-headed hydra
 10792 | Lair:2   | Found a bloodstained altar of Trog.
 10795 | Lair:2   | Found a transporter.
 10798 | Lair:2   | Found a transporter.
 11011 | Lair:2   | XOM: give mutations
 11011 | Lair:2   | Gained mutation: You are robust. (+10% HP) [Xom's mischief]
 11011 | Lair:2   | Lost mutation: Your movements are slightly less encumbered
                  | by armour. (ER -2) [Xom's mischief]
 11011 | Lair:2   | Gained mutation: You are somewhat resistant to both further
                  | mutation and mutation removal. [Xom's mischief]
 11011 | Lair:2   | Gained mutation: You are almost entirely resistant to
                  | further mutation and mutation removal. [Xom's mischief]
 11077 | Lair:2   | XOM: noise
 11424 | Lair:3   | Reached skill level 11 in Fighting
 11450 | Lair:3   | Reached XP level 13. HP: 70/92 MP: 10/13
 11463 | Lair:3   | Reached skill level 11 in Armour
 11720 | Lair:3   | XOM: scenery: create altars
 11869 | Lair:3   | XOM: give mutation
 11869 | Lair:3   | Gained mutation: Your natural rate of healing is unusually
                  | fast. [Xom's grace]
 11992 | Lair:3   | Found a staircase to the Swamp.
 12001 | Lair:3   | XOM: summons 14 hostile demons
 12199 | Lair:4   | Reached skill level 12 in Fighting
 12387 | Lair:4   | Reached skill level 12 in Armour
 12977 | Lair:4   | Bought a fine morningstar for 279 gold pieces
 12977 | Lair:4   | Identified the +5 morningstar "Yproso Otamn" {flame,
                  | *Corrode Str+3 Dex+5} (You bought it in a shop on level 4
                  | of the Lair of Beasts)
 12986 | Lair:4   | XOM: draining
 13005 | Lair:4   | XOM: noise
 13014 | Lair:5   | Entered Level 5 of the Lair of Beasts
 13192 | Lair:5   | XOM: summons 1 hostile demon
 13379 | Lair:5   | Was forgiven by Xom
 13466 | Lair:5   | Found a large runed translucent door.
 13466 | Lair:5   | Noticed a fire dragon
 13527 | Lair:5   | Found a staircase to the Slime Pits.
 13528 | Lair:5   | Found a viscous altar of Jiyva.
 13573 | Lair:5   | Reached skill level 13 in Fighting
 13817 | Lair:5   | Reached skill level 13 in Armour
 14251 | Lair:5   | Gained mutation: Your large and strong wings let you fly.
                  | [Gargoyle growth]
 14251 | Lair:5   | Reached XP level 14. HP: 104/104 MP: 14/14
 14289 | Lair:5   | Found a large runed translucent door.
 14346 | Lair:5   | Identified the +2 ring mail of Midwinter {-Cast +Inv rF+}
 14571 | Lair:3   | Reached skill level 14 in Fighting
 14578 | Lair:3   | Got an embossed book
 14860 | D:10     | Entered Level 10 of the Dungeon
 14904 | D:10     | Found a flagged portal.
 14922 | Bailey   | Entered a bailey
 15154 | Bailey   | Reached skill level 14 in Armour
 15444 | Bailey   | Found an iron altar of Okawaru.
 15445 | Bailey   | Acquired the ring of the Hare {EV+10}
 15445 | Bailey   | Found the ring of the Hare {EV+10}
 15709 | D:10     | Found a staircase to the Orcish Mines.
 16092 | D:10     | Found a blossoming altar of Fedhas.
 16164 | Orc:1    | Entered Level 1 of the Orcish Mines
 16169 | D:10     | Bought an ivory morningstar for 297 gold pieces
 16169 | D:10     | Identified the +8 morningstar of Yzxi Ani {heavy, +Blink
                  | rC+} (You bought it in a shop on level 10 of the Dungeon)
 16294 | Orc:1    | Found Voexiq's Weapon Shop.
 16389 | Orc:2    | Entered Level 2 of the Orcish Mines
 16465 | Orc:2    | Found a staircase to the Elven Halls.
 16964 | Orc:2    | Reached skill level 15 in Fighting
 17021 | Orc:2    | Found Ucigac's Magic Scroll Shoppe.
 17025 | Orc:2    | Found Wyargh's Distillery.
 17132 | Orc:2    | Bought a scroll of enchant armour for 105 gold pieces
 17132 | Orc:2    | Bought a scroll of blinking for 105 gold pieces
 17132 | Orc:2    | Bought a scroll of fog for 56 gold pieces
 17134 | Orc:2    | Bought a potion of haste for 130 gold pieces
 17174 | Orc:2    | Reached skill level 15 in Armour
 17199 | Orc:2    | Identified a +2 robe of resistance
 17409 | Orc:2    | Found Tiuluwnop's Book Shop.
 17409 | Orc:2    | Found Guast's Antique Weapon Boutique.
 17410 | Orc:2    | Found a one-way gate leading to the halls of Pandemonium.
 17864 | Orc:1    | Reached skill level 16 in Fighting
 17864 | Orc:1    | Reached XP level 15. HP: 114/114 MP: 15/15
 18302 | D:10     | Bought an encrusted chain mail for 351 gold pieces
 18302 | D:10     | Identified the +0 chain mail "Jogaqov" {Harm Dex+4} (You
                  | bought it in a shop on level 10 of the Dungeon)
 18302 | D:10     | Bought a pair of runed gloves for 277 gold pieces
 18374 | D:11     | Reached skill level 16 in Armour
 19297 | D:12     | Noticed Urug
 19308 | D:12     | Killed Urug
 19700 | D:13     | Found a frozen archway.
 19731 | IceCv    | Entered an ice cave
 19752 | IceCv    | Reached skill level 17 in Fighting
 20258 | IceCv    | Reached skill level 17 in Armour
 21178 | D:13     | Reached XP level 16. HP: 125/125 MP: 16/16
 21187 | D:13     | Reached skill level 18 in Fighting
 21216 | D:13     | Found a gate to the Vaults.
 21512 | D:13     | Found a portal to a secret trove of treasure.
 21677 | D:14     | Reached skill level 18 in Armour
 21689 | D:14     | Bought a scroll of enchant weapon for 157 gold pieces
 21689 | D:14     | Bought a scroll of blinking for 157 gold pieces
 21689 | D:14     | Bought a scroll of teleportation for 63 gold pieces
 22139 | D:15     | Entered Level 15 of the Dungeon
 22262 | D:15     | Reached skill level 1 in Shields
 22340 | D:15     | Reached skill level 2 in Shields
 22779 | D:15     | Reached skill level 3 in Shields
 22814 | D:15     | Found a staircase to the Depths.
 23364 | Snake:1  | Entered Level 1 of the Snake Pit
 23414 | Snake:1  | Found a hazy altar of Hepliaklqana.
 23417 | Snake:1  | Noticed Aizul
 23428 | Snake:1  | Killed Aizul
 23486 | Snake:1  | Reached skill level 4 in Shields
 23741 | Snake:1  | Reached skill level 5 in Shields
 24021 | Snake:1  | Reached skill level 19 in Fighting
 24318 | Snake:2  | Noticed Asterion
 24329 | Snake:2  | Killed Asterion
 24379 | Snake:2  | Reached skill level 19 in Armour
 24397 | Snake:2  | Reached skill level 6 in Shields
 24818 | Snake:3  | Reached XP level 17. HP: 134/134 MP: 17/17
 25012 | Snake:3  | Reached skill level 7 in Shields
 25154 | Lair:2   | Bought the +0 mask of the Dragon {Will+ Slay+3 SInv} for
                  | 1035 gold pieces
 25154 | Lair:2   | Found the +0 mask of the Dragon {Will+ Slay+3 SInv}
 25441 | Snake:3  | Noticed Azrael
 25463 | Snake:3  | Killed Azrael
 25895 | Snake:4  | Entered Level 4 of the Snake Pit
 25900 | Snake:4  | Reached skill level 8 in Shields
 26133 | Snake:4  | Reached skill level 20 in Fighting
 26216 | Snake:4  | Noticed Vashnia
 26235 | Snake:4  | Killed Vashnia
 26236 | Snake:4  | Reached skill level 9 in Shields
 26260 | Snake:4  | Reached skill level 20 in Armour
 26713 | Snake:4  | Reached XP level 18. HP: 144/144 MP: 18/18
 26821 | Snake:4  | Reached skill level 10 in Shields
 27212 | Snake:4  | Reached skill level 11 in Shields
 27253 | Snake:4  | Got a serpentine rune of Zot
 27484 | D:9      | Bought 3 scrolls of enchant armour for 427 gold pieces
 27526 | Lair:2   | Bought a translucent bone ring for 155 gold pieces
 27526 | Lair:2   | Identified the ring "Okoz" {Ice +Blink rPois Int+3} (You
                  | bought it in a shop on level 2 of the Lair of Beasts)
 27731 | Vaults:1 | Entered Level 1 of the Vaults
 27886 | Vaults:1 | Reached skill level 21 in Fighting
 28083 | Vaults:1 | Noticed Norris
 28143 | Vaults:1 | Killed Norris
 28241 | Vaults:1 | Reached skill level 21 in Armour
 28387 | Vaults:1 | Found a transporter.
 28387 | Vaults:1 | Noticed adelrune's ghost (adept SpHu)
 28388 | Vaults:1 | Noticed a lich
 28413 | Vaults:1 | Found a transporter.
 28674 | Vaults:1 | Reached skill level 12 in Shields
 28974 | Vaults:1 | Reached XP level 19. HP: 137/151 MP: 19/19
 29339 | Vaults:2 | Reached skill level 13 in Shields
 29647 | Vaults:2 | Found a staircase to the Crypt.
 29772 | Vaults:2 | Reached skill level 22 in Fighting
 30148 | Vaults:2 | Acquired 636 gold pieces
 30167 | Vaults:2 | Reached skill level 22 in Armour
 30478 | Vaults:2 | Noticed Jory
 30497 | Vaults:2 | Killed Jory
 30602 | Vaults:2 | Bought 2 potions of curing for 78 gold pieces
 30602 | Vaults:2 | Bought a lightning rod (4/4) for 520 gold pieces
 30810 | Vaults:3 | Reached skill level 14 in Shields
 31223 | Vaults:3 | Found a runed translucent gate.
 31223 | Vaults:3 | Found a runed translucent gate.
 31223 | Vaults:3 | Found a runed translucent gate.
 31223 | Vaults:3 | Found an opulent altar of Gozag.
 31223 | Vaults:3 | Noticed a golden dragon
 31224 | Vaults:3 | Noticed rjrrt's ghost (adept MiBe)
 31225 | Vaults:3 | Found Zidatin's Assorted Antiques.
 31252 | Vaults:3 | Reached XP level 20. HP: 161/161 MP: 20/20
 31275 | Vaults:3 | Found Oluop's Armour Boutique.
 31278 | Vaults:3 | Bought a +1 pair of gloves of strength for 264 gold pieces
 31887 | Vaults:3 | Killed rjrrt's ghost
 31898 | Vaults:3 | Killed a golden dragon
 31976 | Vaults:3 | Bought a slimy ivory ring for 155 gold pieces
 31976 | Vaults:3 | Identified the ring "Hichod" {rN+ Will+ Int+6} (You bought
                  | it in a shop on level 3 of the Vaults)
 31976 | Vaults:3 | Bought a potion of might for 124 gold pieces
 32156 | Vaults:4 | Found Pisyehah's Book Shop.
 32247 | Vaults:4 | Noticed Frederick
 32380 | Vaults:4 | Reached skill level 15 in Shields
 32391 | Vaults:4 | Reached skill level 23 in Fighting
 32528 | Vaults:4 | Killed Frederick
 32604 | Vaults:4 | Reached skill level 23 in Armour
 33451 | Vaults:4 | Reached XP level 21. HP: 166/170 MP: 21/21
 33870 | Lair:1   | Bought a scroll of teleportation for 45 gold pieces
 33912 | Swamp:1  | Entered Level 1 of the Swamp
 34183 | Swamp:1  | Reached skill level 24 in Fighting
 34317 | Swamp:1  | Found a runed translucent door.
 34318 | Swamp:1  | Noticed Kikiss's ghost (adept DrSh)
 34358 | Swamp:1  | Killed Kikiss's ghost
 34364 | Swamp:1  | Identified the amulet of the Final Decision {RegenMP Int+4}
 35048 | Swamp:3  | Reached skill level 24 in Armour
 35285 | Swamp:3  | Noticed Kirke
 35303 | Swamp:3  | Killed Kirke
 35386 | Swamp:3  | Identified the +3 trident of Valour {flame, rElec Will-
                  | Str+6}
 35641 | Swamp:4  | Entered Level 4 of the Swamp
 35795 | Swamp:4  | Reached skill level 16 in Shields
 36035 | Swamp:4  | Got a decaying rune of Zot
 36515 | Elf:1    | Entered Level 1 of the Elven Halls
 36749 | Elf:1    | Found Ykheixai's Antique Weapon Shop.
 36893 | Elf:1    | Found Dijusudu's Assorted Antiques.
 36918 | Elf:1    | Found Wacw's General Store.
 37002 | Elf:1    | Found Kaimya's Distillery.
 37011 | Elf:1    | Bought a potion of curing for 33 gold pieces
 37011 | Elf:1    | Bought a potion of berserk rage for 55 gold pieces
 37011 | Elf:1    | Bought a potion of curing for 33 gold pieces
 37011 | Elf:1    | Bought a potion of curing for 33 gold pieces
 37011 | Elf:1    | Bought a potion of might for 44 gold pieces
 37422 | Elf:2    | Reached XP level 22. HP: 153/179 MP: 22/22
 37678 | Elf:2    | Found a runed translucent gate.
 37678 | Elf:2    | Found a runed translucent gate.
 37679 | Elf:2    | Found a runed translucent gate.
 38084 | Elf:3    | Entered Level 3 of the Elven Halls
 38091 | Elf:3    | Reached skill level 25 in Fighting
 38200 | Elf:3    | Found a runed translucent door.
 38209 | Elf:3    | Found a shimmering altar of Xom.
 38209 | Elf:3    | Noticed riellis1's ghost (adept MiFi)
 38580 | Elf:3    | Reached skill level 17 in Shields
 38898 | Elf:3    | Identified the ring of Eternity {Ice rCorr Str-3 Int+4}
 38924 | Elf:3    | Identified the +2 robe "Reidghoa" {rElec}
 38963 | Elf:3    | Reached skill level 25 in Armour
 39144 | Elf:3    | Identified the +8 morningstar "Muunk" {spect, Str+2}
 39144 | Elf:3    | Identified the ring of Day {rCorr MP+9}
 39153 | Elf:3    | Identified the +7 mace of Light {flame, Str+2}
 39298 | Elf:3    | Found the +2 shield of Resistance {rF++ rC++ Will++}
 39314 | Elf:3    | Identified the +4 chain mail of the Baking Gods {Dex+5}
 39328 | Elf:3    | >>that's stupid lol
 39333 | Elf:3    | Identified the +11 arbalest of Plog {flame, MP+9 Dex+4}
 39421 | Elf:3    | Got a blackened book
 39991 | Vaults:5 | Entered Level 5 of the Vaults
 39997 | Vaults:5 | Reached skill level 1 in Dodging
 40182 | Vaults:5 | Reached skill level 2 in Dodging
 40183 | Vaults:5 | Noticed an ancient lich
 40346 | Vaults:5 | Noticed a golden dragon
 40382 | Vaults:5 | Reached skill level 3 in Dodging
 40402 | Vaults:5 | Noticed a golden dragon
 40411 | Vaults:5 | Killed a golden dragon
 40574 | Vaults:5 | Killed a golden dragon
 40617 | Vaults:5 | Noticed a dread lich
 40645 | Vaults:5 | Reached XP level 23. HP: 189/189 MP: 23/23
 40678 | Vaults:5 | Reached skill level 4 in Dodging
 40715 | Vaults:5 | Identified the ring "Widdiunk" {EV+5 Dex+3 SInv}
 40755 | Vaults:5 | Identified the amulet "Ilomicw" {Regen+ Slay+3 Stlth+}
 40822 | Vaults:5 | Killed a dread lich
 40841 | Vaults:5 | Noticed a golden dragon
 40852 | Vaults:5 | Killed a golden dragon
 41038 | Vaults:5 | Identified the +5 demon trident "Ossi" {vamp, rPois Str+4
                  | SInv Stlth+}
 41101 | Vaults:5 | Got a silver rune of Zot
 41204 | Vaults:5 | Identified the staff "Qesic" {rElec rF+ rC+ rN+ Necro}
 41291 | Vaults:5 | Noticed a golden dragon
 41299 | Vaults:5 | Killed a golden dragon
 41447 | Vaults:5 | Reached skill level 26 in Fighting
 42042 | Slime:1  | Entered Level 1 of the Pits of Slime
 42114 | Slime:1  | Paralysed by a floating eye for 3 turns
 42133 | Slime:1  | Paralysed by a floating eye for 2 turns
 42144 | Slime:1  | Reached skill level 5 in Dodging
 42205 | Slime:1  | You are sucked into a shaft and drop 1 floor!
 42444 | Slime:1  | Reached skill level 26 in Armour
 42575 | Slime:2  | Reached skill level 6 in Dodging
 42629 | Slime:3  | Noticed Dissolution
 43032 | Slime:3  | Killed Dissolution
 43105 | Slime:5  | Entered Level 5 of the Pits of Slime
 43195 | Slime:5  | Found a viscous altar of Jiyva.
 43202 | Slime:5  | Noticed the Royal Jelly
 43498 | Slime:5  | Reached skill level 7 in Dodging
 43719 | Slime:5  | Killed the Royal Jelly
 43822 | Slime:5  | Identified the ring of the Bull {rF+++ Will+++ Str-3 Int+6
                  | Stlth-}
 43832 | Slime:5  | Identified the staff of the Mashing Blowfly {rF+ rC+ Will-
                  | Str+9 Stlth- Ice}
 43837 | Slime:5  | Identified the staff "Acviss" {rElec Dex+4 Air}
 43861 | Slime:5  | Found the +4 consecrated labrys {holy, Valiant Fragile Fly
                  | SInv}
 43876 | Slime:5  | Identified the staff of Generosity {rC- Dex+5 Earth}
 43907 | Slime:5  | Got a slimy rune of Zot
 43908 | Slime:5  | Identified the +4 morningstar of the Scorpion {pain, Will++
                  | Dex-4}
 43931 | Slime:5  | Identified the ring of Kaygos {*Slow rCorr Str+3 Dex+4
                  | SInv}
 43958 | Slime:5  | Identified the staff of the Firefly {rF+ rN+ Str+4 Conj}
 44004 | Slime:5  | Identified the +3 quarterstaff of Shrieking Terror
                  | {antimagic, Will+ Str+2}
 44038 | Slime:5  | Identified the +5 orcbow of the Flying Rattlesnake {freeze,
                  | Int+3}
 44346 | Depths:1 | Entered Level 1 of the Depths
 44367 | Depths:1 | Reached XP level 24. HP: 198/198 MP: 23/23
 44474 | Depths:1 | Found a gateway to Hell.
 44971 | Depths:1 | Reached skill level 8 in Dodging
 45216 | Depths:1 | Reached skill level 27 in Fighting
 45330 | Depths:2 | Found a one-way gate to the infinite horrors of the Abyss.
 45828 | Depths:2 | Noticed Vv
 45865 | Depths:2 | Killed Vv
 45866 | Depths:2 | Reached skill level 27 in Armour
 45913 | Depths:2 | Reached skill level 9 in Dodging
 45935 | Depths:2 | You are sucked into a shaft and drop 1 floor!
 45936 | Depths:3 | Noticed a caustic shrike
 45953 | Depths:3 | Identified the +1 kite shield of Siag {rElec rF+ rCorr
                  | Stlth-}
 46044 | Depths:2 | Identified the amulet of Vampiric Thralls {Faith Int+2}
 46276 | Depths:2 | Identified the +0 chain mail "Cunaese" {Rampage Will- Str-5
                  | Int+7}
 46403 | Depths:2 | Reached skill level 10 in Dodging
 46513 | Depths:2 | Identified the amulet "Zetic" {Drain rElec rPois rC+++
                  | Regen+}
 46903 | Depths:2 | Voluntarily entered the Abyss.
 46903 | Abyss:1  | Found a corrupted altar of Lugonu.
 47182 | Abyss:1  | Found a corrupted altar of Lugonu.
 47305 | Abyss:2  | Found a corrupted altar of Lugonu.
 47318 | Abyss:2  | Found a corrupted altar of Lugonu.
 47387 | Abyss:2  | Reached skill level 11 in Dodging
 47525 | Abyss:2  | Found a corrupted altar of Lugonu.
 47640 | Abyss:2  | Found a corrupted altar of Lugonu.
 47984 | Abyss:3  | Reached skill level 12 in Dodging
 48077 | Abyss:3  | Reached XP level 25. HP: 205/205 MP: 23/23
 48341 | Abyss:3  | Reached skill level 13 in Dodging
 48576 | Abyss:3  | Got an abyssal rune of Zot
 48611 | Abyss:3  | Reached skill level 14 in Dodging
 48659 | Depths:2 | You pass through the gate.
 48659 | Depths:2 | Escaped the Abyss
 48862 | D:13     | You showed the abyssal rune of Zot to enter a treasure
                  | trove
 48863 | Trove    | Entered a treasure trove
 48881 | Trove    | Identified the amulet of Hiofosel {Reflect rElec rCorr SH+5
                  | SInv}
 48883 | Trove    | Identified the amulet of Atzebeafo {Acrobat Fragile rC+
                  | Dex+2 SInv}
 48899 | Trove    | Identified a potion of experience
 48905 | Trove    | Identified the +2 leather armour "Camesips" {Stlth+}
 48907 | Trove    | Identified the scarf of Bitterness {repulsion, rPois Int+4
                  | Stlth-}
 48910 | Trove    | Identified the +2 ring mail of the Untouchables {rF+}
 48955 | D:13     | Reached XP level 26. HP: 212/212 MP: 23/23
 49570 | Depths:3 | Found Wulow's General Store.
 49578 | Depths:3 | Bought a potion of cancellation for 104 gold pieces
 49621 | Depths:3 | Reached skill level 18 in Shields
 49772 | Depths:4 | Entered Level 4 of the Depths
 49785 | Depths:4 | Reached skill level 15 in Dodging
 49812 | Depths:4 | Noticed a juggernaut
 49817 | Depths:4 | Killed a juggernaut
 49820 | Depths:4 | Noticed a caustic shrike
 49843 | Depths:4 | Killed a caustic shrike
 49869 | Depths:4 | Got a black book
 49890 | Depths:4 | Identified the +5 orcbow "Etuasu" {antimagic, rPois}
 49904 | Depths:4 | Paralysed by a floating eye for 2 turns
 50231 | Depths:4 | Reached skill level 19 in Shields
 50251 | Depths:4 | Noticed a caustic shrike
 50259 | Depths:4 | Killed a caustic shrike
 50270 | Depths:4 | Found a sacrificial altar of Ru.
 50270 | Depths:4 | Found a shimmering altar of Xom.
 50277 | Depths:4 | Found a sacrificial altar of Ru.
 50356 | Depths:4 | Noticed a juggernaut
 50368 | Depths:4 | Killed a juggernaut
 50415 | Depths:4 | Reached XP level 27. HP: 218/218 MP: 23/23
 50420 | Depths:4 | Reached skill level 16 in Dodging
 50646 | Depths:4 | Found a one-way gateway to a ziggurat.
 50723 | Depths:4 | Noticed a juggernaut
 50733 | Depths:4 | Killed a juggernaut
 50770 | Depths:4 | Found a gate to the Realm of Zot.
 50939 | Depths:4 | Reached skill level 20 in Shields
 51179 | Zot:1    | Entered Level 1 of the Realm of Zot
 51179 | Zot:1    | Noticed an electric golem
 51190 | Zot:1    | Killed an electric golem
 51247 | Zot:1    | Noticed an electric golem
 51265 | Zot:1    | Killed an electric golem
 51392 | Zot:1    | Noticed an orb of fire
 51420 | Zot:1    | Killed an orb of fire
 51445 | Zot:1    | Reached skill level 17 in Dodging
 51490 | Zot:1    | Noticed an orb of fire
 51501 | Zot:1    | Killed an orb of fire
 51527 | Zot:1    | Noticed an orb of fire
 51547 | Zot:1    | Killed an orb of fire
 52057 | Zot:1    | Noticed an orb of fire
 52067 | Zot:1    | Killed an orb of fire
 52262 | Zot:2    | Reached skill level 18 in Dodging
 52653 | Zot:2    | You are sucked into a shaft and drop 1 floor!
 52770 | Zot:2    | Identified the +10 whip "Yhuvigu" {spect, Str+2 Int-3
                  | Stlth+}
 53200 | Zot:3    | Reached skill level 19 in Dodging
 53937 | Zot:4    | Noticed a curse toe
 54016 | Zot:4    | Killed a curse toe
 54427 | Zot:4    | Found the +1 robe of Vines {NoPotionHeal Regen++++}
 54518 | Zot:4    | Reached skill level 20 in Dodging
 55028 | Zot:5    | Entered Level 5 of the Realm of Zot
 55255 | Zot:5    | Got a black book
 55270 | Zot:5    | Acquired 852 gold pieces
 55287 | Zot:5    | Noticed an ancient lich
 55288 | Zot:5    | Noticed an orb of fire
 55305 | Zot:5    | Noticed an electric golem
 55306 | Zot:5    | Noticed an orb of fire
 55311 | Zot:5    | Noticed an orb of fire
 55312 | Zot:5    | Killed an electric golem
 55312 | Zot:5    | Noticed an orb of fire
 55314 | Zot:5    | Noticed an orb of fire
 55341 | Zot:5    | Noticed an orb of fire
 55345 | Zot:5    | Killed an orb of fire
 55349 | Zot:5    | Noticed an orb of fire
 55350 | Zot:5    | Noticed an electric golem
 55350 | Zot:5    | Noticed a dread lich
 55358 | Zot:5    | Noticed an orb of fire
 55360 | Zot:5    | Noticed an orb of fire
 55364 | Zot:5    | Killed an orb of fire
 55365 | Zot:5    | Noticed an orb of fire
 55376 | Zot:5    | Killed a dread lich
 55378 | Zot:5    | Killed an orb of fire
 55392 | Zot:5    | Killed an orb of fire
 55393 | Zot:5    | Reached skill level 21 in Dodging
 55393 | Zot:5    | Killed an electric golem
 55400 | Zot:5    | Killed an orb of fire
 55408 | Zot:5    | Killed an orb of fire
 55458 | Zot:5    | Noticed a dread lich
 55463 | Zot:5    | Killed a dread lich
 55464 | Zot:5    | Noticed a dread lich
 55465 | Zot:5    | Killed a dread lich
 55567 | Zot:5    | Got a fuliginous book
 55652 | Zot:5    | Got the Orb of Zot
 56242 | D:1      | >>this run was busted
 56250 | D:$      | Escaped with the Orb!

Vanquished Creatures
  the Royal Jelly (Slime:5)
  Dissolution (Slime:3)
  A dread lich (Zot:5)
  7 orbs of fire
  3 juggernauts (Depths:4)
  Vv (Depths:2)
  2 Killer Klowns
  Frederick (Vaults:4)
  Vashnia (Snake:4)
  A curse toe (Zot:4)
  2 caustic shrikes (Depths:4)
  11 golden dragons
  2 profane servitors (Abyss:3)
  Jory (Vaults:2)
  2 bone dragons (Abyss:3)
  Norris (Vaults:1)
  The ghost of rjrrt the Executioner, an adept MiBe of Trog (Vaults:3)
  3 electric golems
  14 tentacled monstrosities
  11 liches
  A walking frostbound tome (Depths:4)
  4 titans (Depths:4)
  7 Orb Guardians
  2 deep elf master archers (Elf:3)
  5 quicksilver dragons
  The ghost of Kikiss the Fighter, an adept DrSh of Gozag (Swamp:1)
  19 acid blobs
  An ancient champion (Vaults:2)
  7 death cobs
  7 tentacled starspawn
  8 sphinxes
  11 storm dragons
  7 shadow dragons
  Kirke (Swamp:3)
  3 thorn hunters (Swamp:4)
  14 azure jellies
  7 tengu reavers
  Aizul (Snake:1)
  A revenant (Vaults:2)
  3 draconian monks
  3 fenstrider witches
  12 fire giants
  7 frost giants
  4 iron dragons
  2 nagarajas (Snake:4)
  3 draconian knights (Zot:2)
  12 rockslimes
  2 balrugs
  3 ghost moths
  11 deep elf sorcerers
  4 draconian scorchers
  8 vault wardens
  2 deep elf elementalists (Elf:3)
  4 draconian annihilators
  An orc warlord (Vaults:2)
  3 draconian stormcallers
  3 cacodemons
  9 ironbound thunderhulks
  4 draconian shifters
  4 war gargoyles
  15 very ugly things
  4 spriggan defenders (Depths:4)
  17 ironbound preservers
  8 formless jellyfish
  A reaper (IceCv)
  17 stone giants
  7 quicksilver oozes
  8 black draconians
  4 vampire knights
  9 dire elephants
  6 spark wasps
  6 white draconians
  4 deep elf demonologists
  5 deep elf annihilators
  A spark wasp (shapeshifter) (Depths:4)
  8 green draconians
  7 red draconians
  Azrael (Snake:3)
  8 yellow draconians
  5 eleionomae
  4 bunyips
  2 green deaths
  9 purple draconians
  11 ettins
  2 blizzard demons
  7 deep elf death magi
  A crystal guardian (Vaults:4)
  A shambling mangrove (Swamp:3)
  10 fire dragons
  3 salamander tyrants (Snake:4)
  13 great orbs of eyes
  11 yaktaur captains
  6 deep elf high priests
  5 peacekeepers
  16 ice dragons
  23 vault guards
  5 rakshasas
  10 centaur warriors
  5 spriggan air magi
  A ghost crab (Swamp:3)
  3 hell beasts
  25 hydras
  A catoblepas (D:13)
  8 ironbound frosthearts
  An alligator (shapeshifter) (Vaults:4)
  An ice dragon (shapeshifter) (Depths:4)
  14 anacondas
  3 ogre magi
  9 alligators
  A demonspawn (Orc:2)
  Erica (D:8)
  15 naga warriors
  3 two-headed ogres
  10 boulder beetles
  9 deep troll shamans
  11 tengu warriors
  3 vampire magi
  10 orc high priests
  6 spriggan berserkers
  14 dancing weapons
  8 deep troll earth magi
  3 demonic crawlers
  Urug (D:12)
  18 thrashing horrors
  12 deep elf knights
  11 hell knights
  14 shock serpents
  2 soul eaters
  A shock serpent (shapeshifter) (Vaults:5)
  12 naga sharpshooters
  Amaemon (D:8)
  4 sun demons
  8 wretched stars
  A fire crab (Lair:5)
  6 salamander mystics
  2 sixfirhies (Abyss:3)
  A skyshark (shapeshifter) (Depths:4)
  4 skysharks
  3 skeletal warriors (D:13)
  5 goliath frogs
  A deep troll (shapeshifter) (Depths:1)
  8 glowing orange brains
  7 naga ritualists
  3 bog bodies
  A death drake (shapeshifter) (Vaults:5)
  41 deep trolls
  9 swamp dragons
  An orb spider (Abyss:2)
  23 ironbound convokers
  16 lindwurms
  A flayed ghost (Depths:1)
  5 spriggan druids
  2 obsidian statues
  8 sea snakes
  A lindwurm (shapeshifter) (Depths:3)
  3 phantasmal warriors
  A harpy (shapeshifter) (D:15)
  7 deep elf archers
  Pikel (D:6)
  22 deep elf pyromancers
  24 deep elf zephyrmancers
  7 necromancers
  12 orc knights
  10 wizards
  12 mana vipers
  25 ugly things
  6 orc sorcerers
  6 will-o-the-wisps
  2 tengu skeletons
  A human zombie (Vaults:2)
  A wolf spider (D:15)
  A worldbinder (Abyss:3)
  6 cyclopes
  5 manticores
  9 shining eyes
  A salamander (shapeshifter) (Abyss:3)
  18 moths of wrath
  18 salamanders
  15 vault sentinels
  A human skeleton (Vaults:4)
  9 elephants
  Joseph (D:7)
  80 slime creatures
  2 rust devils
  Maurice (D:8)
  10 guardian serpents
  11 smoke demons
  5 eyes of devastation
  A fire giant skeleton (Vaults:2)
  2 molten gargoyles (Lair:5)
  2 apocalypse crabs
  5 orange demons
  47 black mambas
  A water nymph (shapeshifter) (Depths:2)
  2 ice statues (IceCv)
  11 naga magi
  4 gargoyles
  9 cane toads
  Jeremiah (D:7)
  An unseen horror (Depths:3)
  A hellion (Zot:2)
  An eye of devastation (shapeshifter) (Vaults:5)
  An efreet (Abyss:3)
  5 freezing wraiths
  10 rime drakes
  2 tengu conjurers
  12 komodo dragons
  30 yaktaurs
  9 ice devils
  9 ancient zymes
  A yaktaur skeleton (Vaults:1)
  7 trolls
  6 hornets
  2 polar bears (D:13)
  6 tyrant leeches
  A bloated husk (Swamp:2)
  An ettin zombie (Vaults:1)
  10 blink frogs
  4 dream sheep (Lair:5)
  2 blink frogs (shapeshifter) (D:15)
  12 raiju
  6 spriggans
  A flying skull (Vaults:2)
  A spriggan (shapeshifter) (D:15)
  6 ynoxinuls
  2 air elementals
  Sigmund (D:3)
  5 fire elementals
  7 humans (D:13)
  A wyvern (D:6)
  54 yaks
  A centaur simulacrum (Abyss:3)
  4 fire bats (Abyss:3)
  5 water elementals
  3 wraiths
  9 basilisks
  22 large abominations
  8 vampire mosquitoes
  3 neqoxecs
  4 steam dragons
  11 chaos spawn
  36 starcursed masses
  7 golden eyes
  9 swamp worms
  A death yak simulacrum (IceCv)
  A harpy simulacrum (IceCv)
  2 redbacks (shapeshifter)
  2 wargs
  Menkaure (D:5)
  39 nagas
  2 acid dragons
  18 small abominations
  A floating eye (shapeshifter) (Vaults:5)
  10 hell hounds
  An entropy weaver zombie (Vaults:1)
  4 floating eyes
  2 hydra simulacra (IceCv)
  10 water moccasins
  An ettin simulacrum (Vaults:4)
  7 swamp drakes
  42 orc warriors
  A sky beast (D:7)
  A black bear (D:5)
  7 ogres
  5 boggarts (D:15)
  21 centaurs
  22 wolves
  A phantom (D:6)
  11 bullfrogs
  6 earth elementals
  A gnoll sergeant (D:9)
  3 scorpions
  2 cane toad simulacra (IceCv)
  A glowing shapeshifter simulacrum (Vaults:2)
  4 necrophages (Lair:4)
  3 two-headed ogre simulacra (IceCv)
  3 wights
  An elephant simulacrum (IceCv)
  A human simulacrum (Vaults:4)
  18 killer bees
  A howler monkey (D:11)
  12 electric eels
  5 lava snakes (Lair:5)
  5 hounds
  24 orc priests
  Crazy Yiuf (D:3)
  2 iron imps
  A jelly (D:6)
  3 iguanas
  Jessica (D:3)
  12 orc wizards
  6 hell rats
  3 troll simulacra (IceCv)
  5 gnolls
  4 adders
  2 naga simulacra (IceCv)
  6 white imps
  4 ufetubi
  2 worms (D:2)
  2 dart slugs
  70 orcs
  3 endoplasms
  3 giant cockroaches
  11 hobgoblins
  2 jackals (D:4)
  2 kobolds (D:3)
  4 quokkas
  3 ball pythons
  A bat (D:1)
  2 frilled lizards (D:3)
  14 goblins
  3 rats (D:3)
  A lurking horror (Abyss:3)
  4 starspawn tentacles
2193 creatures vanquished.

Vanquished Creatures (collateral kills)
  2 dread liches (Zot:5)
  3 orbs of fire
  3 Killer Klowns (Zot:5)
  2 golden dragons (Zot:5)
  An electric golem (Zot:5)
  A quicksilver dragon (Vaults:5)
  13 Orb Guardians
  Asterion (Snake:2)
  3 storm dragons
  A daeva (Zot:5)
  A draconian monk (Zot:5)
  A deep elf sorcerer (Elf:3)
  A war gargoyle (Vaults:5)
  A stone giant (Vaults:5)
  A green draconian (Zot:1)
  A purple draconian (Zot:5)
  A white draconian (Zot:5)
  A deep elf annihilator (Elf:3)
  A vault guard (Vaults:5)
  A yaktaur captain (Vaults:5)
  A flayed ghost (Vaults:5)
  2 deep elf zephyrmancers (Elf:3)
  A deep elf archer (Elf:3)
  2 moths of wrath (Zot:5)
  A naga (Snake:2)
  A black bear (D:5)
  Blork the orc (D:5)
  A bullfrog (D:9)
  2 wights (D:7)
  2 frilled lizards (D:1)
  2 rats (D:1)
56 creatures vanquished.

Vanquished Creatures (others)
  A dread lich (Vaults:5)
  An ancient lich (Zot:5)
  A titan (Vaults:5)
  8 Orb Guardians (Zot:5)
  A sphinx (Depths:4)
  An Executioner (Abyss:2)
  A storm dragon (Vaults:5)
  A fenstrider witch (Swamp:1)
  A draconian monk (Zot:5)
  2 fire giants (Vaults:5)
  2 draconian scorchers
  A frost giant (Depths:4)
  A vault warden (Vaults:5)
  A deep elf sorcerer (Vaults:5)
  A draconian stormcaller (Zot:5)
  A deep elf demonologist (Vaults:5)
  A white draconian (Zot:5)
  An ettin (Vaults:5)
  11 vault guards (Vaults:5)
  2 deep elf high priests (Vaults:5)
  2 deep elf knights
  2 phantasmal warriors (Vaults:5)
  An orc knight (Vaults:5)
  2 ironbound convokers (Vaults:5)
  A deep elf zephyrmancer (Elf:1)
  An elephant (shapeshifter) (Vaults:5)
  A yaktaur (Vaults:5)
  A freezing wraith (Vaults:5)
  A bloated husk (Swamp:1)
  An air elemental (Elf:2)
  2 humans
  A fire bat (Abyss:3)
  A small abomination (Abyss:3)
  An orc priest (Vaults:5)
  22 foxfires
  A lurking horror (Abyss:3)
  22 starspawn tentacles
103 creatures vanquished.

Grand Total: 2352 creatures vanquished

Table legend: (Time is in decaauts)
 A = Elapsed time spent in this place.
 B = Non-inter-level travel time spent in this place.
 C = Inter-level travel time spent in this place.
 D = Time resting spent in this place.
 E = Time spent auto-exploring this place.
 F = Levels seen in this place.
 G = Mean time per level.
                   A        B        C        D        E       F      G
               +--------+--------+--------+--------+--------+-----+--------+
         Total |  53178 |  47733 |   5445 |   2705 |  32348 |  59 |  901.3 |
       Dungeon |  14003 |  11472 |   2531 |    830 |   8232 |  15 |  933.5 |
        Temple |     26 |      1 |     25 |      0 |      0 |   1 |   26.0 |
          Lair |   7153 |   6444 |    709 |    696 |   4449 |   5 | 1430.6 |
         Swamp |   2289 |   2171 |    118 |      1 |   1644 |   4 |  572.2 |
     Snake Pit |   3835 |   3500 |    335 |      5 |   2340 |   4 |  958.8 |
    Slime Pits |   1776 |   1704 |     72 |    274 |    467 |   5 |  355.2 |
  Orcish Mines |   2195 |   2042 |    153 |    266 |   1182 |   2 | 1097.5 |
   Elven Halls |   2985 |   2890 |     95 |     39 |   2222 |   3 |  995.0 |
        Vaults |   7149 |   6467 |    682 |     92 |   4423 |   5 | 1429.8 |
        Depths |   4471 |   3953 |    518 |      5 |   2987 |   4 | 1117.8 |
           Zot |   4207 |   4005 |    202 |     12 |   3149 |   5 |  841.4 |
         Abyss |   1543 |   1543 |      0 |      7 |    700 |   3 |  514.3 |
         Trove |     90 |     90 |      0 |      0 |     74 |   1 |   90.0 |
        Bailey |    559 |    559 |      0 |    100 |    262 |   1 |  559.0 |
      Ice Cave |    891 |    891 |      0 |    376 |    217 |   1 |  891.0 |
               +--------+--------+--------+--------+--------+-----+--------+

Top non-repeatable levels by time:
  Lair:1: 2079 daAuts
     D:9: 1796 daAuts
    D:13: 1713 daAuts
Vaults:2: 1696 daAuts
   Orc:2: 1614 daAuts
  Lair:2: 1594 daAuts
Depths:2: 1550 daAuts
Vaults:5: 1520 daAuts
   Elf:3: 1494 daAuts
  Lair:5: 1450 daAuts
Vaults:3: 1360 daAuts
Vaults:4: 1348 daAuts
Depths:4: 1333 daAuts
Vaults:1: 1224 daAuts
 Snake:4: 1221 daAuts

Table legend:
 A = Non-vault XP
 B = Vault XP
 C = Vault XP percentage of total XP
 D = Non-vault monster count
 E = Vault monster count
 F = Vault count percentage of total count
                 A         B        C        D         E       F
            +---------+---------+-------+---------+---------+-------
      Total |  722130 |  674765 |  48.3 |    1365 |     862 |  38.7
            +---------+---------+-------+---------+---------+-------
        D:1 |       9 |       0 |   0.0 |       7 |       0 |   0.0
        D:2 |      16 |       0 |   0.0 |       6 |       0 |   0.0
        D:3 |      80 |     295 |  78.7 |      16 |       5 |  23.8
        D:4 |     255 |       0 |   0.0 |      13 |       0 |   0.0
        D:5 |     583 |     389 |  40.0 |      12 |       4 |  25.0
        D:6 |     738 |     607 |  45.1 |      13 |       1 |   7.1
        D:7 |     761 |     877 |  53.5 |      14 |       2 |  12.5
        D:8 |    2437 |    2485 |  50.5 |      12 |       4 |  25.0
        D:9 |    1747 |     652 |  27.2 |      20 |       4 |  16.7
       D:10 |    2601 |       8 |   0.3 |      14 |       4 |  22.2
       D:11 |    4175 |    3161 |  43.1 |      20 |       5 |  20.0
       D:12 |    5223 |     792 |  13.2 |      18 |       1 |   5.3
       D:13 |   11676 |   11852 |  50.4 |      21 |      25 |  54.3
       D:14 |    5999 |       0 |   0.0 |      19 |       0 |   0.0
       D:15 |    8973 |    4048 |  31.1 |      23 |       7 |  23.3
     Lair:1 |    9076 |    3573 |  28.2 |      36 |       9 |  20.0
     Lair:2 |    3732 |     311 |   7.7 |      16 |       2 |  11.1
     Lair:3 |    7425 |    1634 |  18.0 |      25 |       9 |  26.5
     Lair:4 |    4814 |     329 |   6.4 |      17 |       4 |  19.0
     Lair:5 |    8758 |    8816 |  50.2 |      29 |      29 |  50.0
    Swamp:1 |   10684 |    1550 |  12.7 |      18 |       1 |   5.3
    Swamp:2 |   11239 |       0 |   0.0 |      22 |       0 |   0.0
    Swamp:3 |   19873 |    1792 |   8.3 |      31 |       4 |  11.4
    Swamp:4 |   13864 |   16141 |  53.8 |      16 |      24 |  60.0
    Snake:1 |   15695 |    5213 |  24.9 |      33 |       7 |  17.5
    Snake:2 |    6563 |    1409 |  17.7 |      15 |       1 |   6.2
    Snake:3 |   23802 |    2726 |  10.3 |      46 |       9 |  16.4
    Snake:4 |   31135 |   38453 |  55.3 |      62 |      54 |  46.6
    Slime:1 |    6493 |   11733 |  64.4 |      17 |      15 |  46.9
    Slime:2 |    9635 |   13555 |  58.5 |      13 |      13 |  50.0
    Slime:3 |    5912 |    6918 |  53.9 |      15 |       1 |   6.2
    Slime:4 |    5555 |    8610 |  60.8 |       8 |       6 |  42.9
    Slime:5 |    7227 |   19628 |  73.1 |      10 |      17 |  63.0
      Orc:1 |    4542 |       0 |   0.0 |      45 |       0 |   0.0
      Orc:2 |    3147 |   17174 |  84.5 |      37 |      66 |  64.1
      Elf:1 |    8906 |    6343 |  41.6 |      18 |      11 |  37.9
      Elf:2 |   23208 |     831 |   3.5 |      36 |       1 |   2.7
      Elf:3 |   20242 |   30145 |  59.8 |      35 |      28 |  44.4
   Vaults:1 |   15541 |   25299 |  61.9 |      27 |      37 |  57.8
   Vaults:2 |   29581 |   38531 |  56.6 |      50 |      50 |  50.0
   Vaults:3 |   20345 |    9823 |  32.6 |      29 |       8 |  21.6
   Vaults:4 |   22231 |   57382 |  72.1 |      30 |      66 |  68.8
   Vaults:5 |   11399 |   57418 |  83.4 |      16 |      57 |  78.1
   Depths:1 |   18688 |   16457 |  46.8 |      21 |      19 |  47.5
   Depths:2 |   25593 |   25991 |  50.4 |      28 |      31 |  52.5
   Depths:3 |   22639 |    3456 |  13.2 |      25 |      15 |  37.5
   Depths:4 |       0 |  112901 | 100.0 |       0 |      88 | 100.0
      Zot:1 |   39084 |   10049 |  20.5 |      27 |       3 |  10.0
      Zot:2 |   46619 |    6301 |  11.9 |      41 |       4 |   8.9
      Zot:3 |   10718 |       0 |   0.0 |       8 |       0 |   0.0
      Zot:4 |   49475 |       0 |   0.0 |      42 |       0 |   0.0
      Zot:5 |   17797 |   64617 |  78.4 |      15 |      25 |  62.5
    Abyss:1 |    6333 |       0 |   0.0 |      17 |       0 |   0.0
    Abyss:2 |   25756 |       0 |   0.0 |      42 |       0 |   0.0
    Abyss:3 |   53531 |   14181 |  20.9 |     119 |      17 |  12.5
     Bailey |       0 |    4031 | 100.0 |       0 |      39 | 100.0
      IceCv |       0 |    6278 | 100.0 |       0 |      30 | 100.0
            +---------+---------+-------+---------+---------+-------
